 Dungeon Crawl Stone Soup version 0.28.0 (webtiles) character file.

Game seed: 17943584225720455584

725 croobank the Chopper (level 7, -3/60 HPs)
             Began as a Gnoll Cinder Acolyte on Feb 16, 2022.
             Was an Initiate of Sif Muna.
             Slain by a fire elemental (11 damage)
             ... created by the fiery vengeance of Ignis
             ... on level 7 of the Dungeon.
             The game lasted 00:16:29 (3383 turns).

croobank the Chopper (Gnoll Cinder Acolyte)         Turns: 3383, Time: 00:16:29

Health: -3/60      AC:  6    Str: 14    XL:     7   Next: 71%
Magic:  10/12      EV: 12    Int: 15    God:    Sif Muna [......]
Gold:   118        SH:  0    Dex:  7    Spells: 6/13 levels left

rFire   . . .      SeeInvis .   r - +2 morningstar
rCold   . . .      Faith    .   (no shield)
rNeg    . . .      Spirit   .   l - +1 robe {Will+}
rPois   .          Reflect  .   g - +0 helmet
rElec   .          Harm     .   (no cloak)
rCorr   .          Rampage  .   i - +0 pair of gloves
Will    +....                   n - +0 pair of boots
Stlth   ++........              (no amulet)
HPRegen 0.20/turn               (no ring)
MPRegen 0.13/turn               (no ring)

@: wereblooded, fire susceptible
A: fangs 1, strong nose, distributed training
a: Renounce Religion


You were on level 7 of the Dungeon.
You worshipped Sif Muna.
Sif Muna was noncommittal.
You visited 1 branch of the dungeon, and saw 6 of its levels.

You collected 118 gold pieces.

Inventory:

Hand Weapons
 b - a +0 hunting sling
 m - a +0 lajatang
 q - a +1 hand axe of flaming
 r - a +2 morningstar (weapon)
Missiles
 d - 82 stones (quivered)
Armour
 f - a +0 ring mail
 g - a +0 helmet (worn)
 i - a +0 pair of gloves (worn)
 l - a +1 robe of willpower (worn)
 n - a +0 pair of boots (worn)
Magical Staves
 a - a staff of fire
Scrolls
 k - a scroll of fog {unknown}
 s - 3 scrolls of holy word
 t - 2 scrolls of magic mapping
Potions
 c - 2 potions of degeneration
 e - a potion of heal wounds {unknown}
 h - 2 potions of flight
 o - a potion of curing {unknown}
 p - a potion of attraction {unknown}
 u - a potion of might {unknown}


   Skills:
 + Level 7.1 Fighting
 + Level 2.6 Short Blades
 + Level 2.6 Long Blades
 + Level 7.1 Axes
 + Level 2.6 Maces & Flails
 + Level 2.6 Polearms
 + Level 2.6 Staves
 + Level 2.6 Slings
 + Level 2.6 Bows
 + Level 2.6 Crossbows
 + Level 2.6 Throwing
 + Level 2.6 Armour
 + Level 2.6 Dodging
 + Level 2.6 Stealth
 + Level 2.6 Shields
 + Level 2.6 Unarmed Combat
 + Level 3.9 Spellcasting
 + Level 2.1 Conjurations
 + Level 2.1 Hexes
 + Level 2.1 Summonings
 + Level 2.1 Necromancy
 + Level 2.1 Translocations
 + Level 2.1 Transmutations
 + Level 5.9 Fire Magic
 + Level 2.1 Ice Magic
 + Level 2.1 Air Magic
 + Level 2.1 Earth Magic
 + Level 2.1 Poison Magic
 + Level 3.0 Invocations
 + Level 2.6 Evocations


You had 6 spell levels left.
You knew the following spells:

 Your Spells              Type           Power      Damage    Failure   Level
a - Scorch                Fire           40%        2d7       2%          2
b - Summon Small Mammal   Summ           36%        N/A       8%          1
c - Animate Skeleton      Necr           18%        N/A       8%          1
d - Apportation           Tloc           18%        N/A       8%          1
e - Wereblood             Tmut           9%         N/A       11%         2

Your spell library contained the following spells:

 Spells                   Type           Power      Damage    Failure   Level
 Sublimation of Blood     Necr           9%         N/A       11%         2
 Tukima's Dance           Hex            9%         N/A       22%         3
 Anguish                  Hex/Necr       4%         N/A       58%         4
 Enfeeble                 Hex            4%         N/A       100%        7
 Summon Hydra             Summ           4%         N/A       100%        7


Dungeon Overview and Level Annotations

Branches:
Dungeon (8/15)
 Temple: D:4-7         Lair: D:8-11

Altars:
Sif Muna
Yredelemnul

Shops:
D:6 (

Annotations:
D:2 Sigmund
D:6 Maggie


Innate Abilities, Weirdness & Mutations

You have very sharp teeth.
Your uncanny sense of smell can sniff out nearby items.
Your experience applies equally to all skills.


Message History

Magic restored.
HP restored.
Ignis wails with rage, and rains down burning fury! 2 fire elementals come into view.
You aren't carrying any items that you can evoke.
Casting: Scorch (safe; 2% risk of failure)
Confirm with . or Enter, or press ? or * to list all spells.
The fire elemental hits your rat. The fire elemental burns your rat!
Your rat dies!
Your rat's corpse disappears in a puff of smoke!
Casting: Summon Small Mammal (safe; 8% risk of failure)
Confirm with . or Enter, or press ? or * to list all spells.
Your blood is infused with primal strength.
The fire elemental barely misses you.
You hit the fire elemental.
The fire elemental is lightly damaged.
The fire elemental barely misses you. The fire elemental hits you.
The fire elemental burns you!
You puncture the fire elemental!
The fire elemental is heavily damaged.
The fire elemental hits you. The fire elemental burns you!
You closely miss the fire elemental. Your bite misses the fire elemental.
The fire elemental is heavily damaged.
The fire elemental hits you. The fire elemental burns you!
The fire elemental barely misses you.
You closely miss the fire elemental.
You bite the fire elemental, but do no damage.
The fire elemental is heavily damaged.
The fire elemental hits you. The fire elemental burns you!
* * * LOW HITPOINT WARNING * * *
The fire elemental barely misses you.
You puncture the fire elemental! Your punch misses the fire elemental.
The fire elemental is almost destroyed.
The fire elemental hits you. The fire elemental burns you!
* * * LOW HITPOINT WARNING * * *
The fire elemental closely misses you.
You closely miss the fire elemental.
The fire elemental is almost destroyed.
The fire elemental hits you. The fire elemental burns you!
You die...

#o.......
###...#.#.#####.#...###
.........
............)..........
.........
#...#.#.#####.#...###
........# #....○##
#.##.## ##.....##
###..## #.#### #...##
#.## #.# #+## #E# #.#
#E# #.# #@# #.# #.# ##
#.# ###. #.# .... ..#
###. ### #. ##


You could see 2 fire elementals.

Vanquished Creatures
  A hornet zombie (D:7)
  2 necrophages
  A bullfrog (D:7)
  2 wyvern skeletons
  2 orc priests (D:7)
  2 bullfrog skeletons
  A centaur skeleton (D:7)
  Jessica (D:3)
  An orc wizard (D:7)
  A killer bee zombie (D:7)
  An adder (D:6)
  A white imp (D:7)
  A worm (D:2)
  4 dart slugs
  2 orcs
  3 endoplasms
  3 goblins
  4 hobgoblins
  6 jackals (D:1)
  5 kobolds
  A quokka (D:2)
  7 ball pythons (D:1)
  3 frilled lizards
  4 rats (D:1)
59 creatures vanquished.

Vanquished Creatures (collateral kills)
  A dart slug (D:1)
  A hobgoblin (D:1)
  A rat (D:1)
3 creatures vanquished.

Grand Total: 62 creatures vanquished

Notes
Turn   | Place    | Note
-------+----------+-------------------------------------------
     0 | D:1      | croobank the Gnoll Cinder Acolyte began the quest for the
                  | Orb.
     0 | D:1      | Reached XP level 1. HP: 23/23 MP: 4/4
     6 | D:1      | Noticed an electric eel
    65 | D:1      | Reached XP level 2. HP: 14/29 MP: 5/5
   396 | D:1      | Learned a level 2 spell: Scorch
   733 | D:1      | Reached XP level 3. HP: 35/35 MP: 4/7
   778 | D:1      | Learned a level 1 spell: Summon Small Mammal
  1305 | D:2      | Reached skill level 1 in Invocations
  1398 | D:2      | Found a faded altar of an unknown god.
  1399 | D:2      | Noticed Sigmund
  1420 | D:2      | Found a shimmering blue altar of Sif Muna.
  1435 | D:2      | Fell from the grace of Ignis
  1435 | D:2      | Became a worshipper of Sif Muna the Loreminder
  1555 | D:2      | Reached skill level 1 in Short Blades
  1555 | D:2      | Reached skill level 1 in Long Blades
  1555 | D:2      | Reached skill level 1 in Maces & Flails
  1555 | D:2      | Reached skill level 1 in Polearms
  1555 | D:2      | Reached skill level 1 in Staves
  1555 | D:2      | Reached skill level 1 in Slings
  1555 | D:2      | Reached skill level 1 in Bows
  1555 | D:2      | Reached skill level 1 in Crossbows
  1555 | D:2      | Reached skill level 1 in Throwing
  1555 | D:2      | Reached skill level 1 in Armour
  1555 | D:2      | Reached skill level 1 in Dodging
  1555 | D:2      | Reached skill level 1 in Stealth
  1555 | D:2      | Reached skill level 1 in Shields
  1555 | D:2      | Reached skill level 1 in Unarmed Combat
  1555 | D:2      | Reached skill level 1 in Evocations
  1557 | D:2      | Learned a level 1 spell: Animate Skeleton
  1559 | D:2      | Learned a level 1 spell: Apportation
  1827 | D:3      | Reached XP level 4. HP: 41/41 MP: 5/8
  1880 | D:3      | Noticed Jessica
  1886 | D:3      | Killed Jessica
  1981 | D:3      | Reached skill level 1 in Conjurations
  1981 | D:3      | Reached skill level 1 in Hexes
  1981 | D:3      | Reached skill level 1 in Summonings
  1981 | D:3      | Reached skill level 1 in Necromancy
  1981 | D:3      | Reached skill level 1 in Translocations
  1981 | D:3      | Reached skill level 1 in Transmutations
  1981 | D:3      | Reached skill level 1 in Ice Magic
  1981 | D:3      | Reached skill level 1 in Air Magic
  1981 | D:3      | Reached skill level 1 in Earth Magic
  1981 | D:3      | Reached skill level 1 in Poison Magic
  2050 | D:3      | You fall into a shaft and drop 3 floors!
  2095 | D:6      | Reached XP level 5. HP: 47/47 MP: 4/9
  2164 | D:6      | Noticed a necrophage
  2171 | D:6      | Killed a necrophage
  2172 | D:6      | Reached XP level 6. HP: 35/53 MP: 1/11
  2312 | D:6      | Found a basalt altar of Yredelemnul.
  2340 | D:6      | Found Coomeakaa's Weapon Emporium.
  2341 | D:6      | Noticed a human
  2341 | D:6      | Noticed a human
  2341 | D:6      | Noticed a human
  2341 | D:6      | Noticed a human
  2350 | D:6      | Noticed Maggie
  2370 | D:6      | Noticed a human
  2370 | D:6      | Noticed an orc warrior
  2377 | D:6      | Noticed a human
  2518 | D:7      | Learned a level 2 spell: Wereblood
  2538 | D:7      | Noticed an ice beast
  3022 | D:7      | Reached XP level 7. HP: 59/59 MP: 9/12
  3373 | D:7      | Noticed a fire elemental
  3373 | D:7      | Noticed a fire elemental
  3383 | D:7      | Slain by a fire elemental

Illustrated notes

Levels and vault maps discovered:
D:1:      arrival_aquarium_a, layout_rooms, minmay_tetromino_i4
D:2:      layout_basic, basic_altar, dreamdust_ecumenical_altar_statues,
          uniq_sigmund
D:3:      layout_loops_ring, uniq_jessica
D:6:      layout_basic, lemuel_tele_altar, minmay_temple_entry_glass,
          serial_shops, shop, minmay_ruffians, uniq_crazy_yiuf_cottage,
          uniq_maggie
D:7:      cheibrodos_quashed, layout_loops_corners
D:8:      layout_rooms

Skill      XL: |  1  2  3  4  5  6  7 |
---------------+----------------------+-----
Invocations    | 1 2 3 |  3.0
Short Blades   | 1 2 |  2.6
Long Blades    | 1 2 |  2.6
Maces & Flails | 1 2 |  2.6
Polearms       | 1 2 |  2.6
Staves         | 1 2 |  2.6
Slings         | 1 2 |  2.6
Bows           | 1 2 |  2.6
Crossbows      | 1 2 |  2.6
Throwing       | 1 2 |  2.6
Armour         | 1 2 |  2.6
Dodging        | 1 2 |  2.6
Stealth        | 1 2 |  2.6
Shields        | 1 2 |  2.6
Unarmed Combat | 1 2 |  2.6
Evocations     | 1 2 |  2.6
Spellcasting   | 3 |  3.9
Conjurations   | 1 2 |  2.1
Hexes          | 1 2 |  2.1
Summonings     | 1 2 |  2.1
Necromancy     | 1 2 |  2.1
Translocations | 1 2 |  2.1
Transmutations | 1 2 |  2.1
Ice Magic      | 1 2 |  2.1
Air Magic      | 1 2 |  2.1
Earth Magic    | 1 2 |  2.1
Poison Magic   | 1 2 |  2.1
Fighting       | 7 |  7.1
Axes           | 7 |  7.1
Fire Magic     | |  5.9

Action                   |  1- 3 |  4- 6 |  7- 9 || total
-------------------------+-------+-------+-------++-------
Melee: Hand axe          |    27 |       |       ||    27
       Bite              |     2 |     2 |     2 ||     6
       Punch             |     1 |       |       ||     1
       Staff             |    17 |     2 |       ||    19
       Morningstar       |       |    24 |    30 ||    54
 Cast: Scorch            |    26 |    27 |    11 ||    64
       Summon Small Mamm |    16 |       |     1 ||    17
       Animate Skeleton  |     1 |       |       ||     1
       Wereblood         |       |     1 |     1 ||     2
  Use: Scroll            |       |     9 |     1 ||    10
Armor: Robe              |    15 |    14 |    11 ||    40
Dodge: Dodged            |    41 |    35 |    29 ||   105
